 Dungeon Crawl Stone Soup version 0.31-a0-174-g85c54bcb58 (webtiles) character file.

Game seed: 17955428982076493420

83088 dohliylev the Warrior (level 15, -22/156 HPs)
             Began as a Minotaur Berserker on June 15, 2023.
             Was the Champion of Trog.
             Annihilated by a reaper
             ... wielding a +6 scythe of freezing
              (36 damage)
             ... on level 1 of the Abyss.
             The game lasted 00:52:49 (14253 turns).

dohliylev the Warrior (Minotaur Berserker)         Turns: 14253, Time: 00:52:50

Health: -22/156    AC: 26    Str: 33    XL:     15   Next: 31%
Magic:  11/11      EV: 15    Int:  6    God:    Trog [******]
Gold:   819        SH:  9    Dex: 10    Spells: 14/14 levels left

rFire   . . .        u - +8 broad axe "Goblin's Curse" {flame, *Rage Will+ Int+2}
rCold   . . .        Q - +3 buckler {AC+3}
rNeg    . . .        T - +1 plate armour of Perpetual Drought {Contam rPois Regen+ rCorr}
rPois   +            f - +2 hat
rElec   .            (no cloak)
rCorr   +            O - +1 pair of gloves of Entitlement {Str+4}
SInv    +            b - +1 pair of boots {Fly}
Will    ++...        N - amulet of regeneration Stlth
                     o - ring of see invisible
HPRegen 0.00/turn    e - +5 ring of evasion
MPRegen 0.12/turn

%: random rage (20%)
@: about to teleport, on berserk cooldown, sick, flying, slowed, very slow
A: horns 2, retaliatory headbutt, low MP 2, [deterioration 1]
a: Renounce Religion, Berserk, Trog's Hand, Brothers in Arms


You were on level 1 of the Abyss.
You worshipped Trog.
Trog was exalted by your worship.
You visited 3 branches of the dungeon, and saw 17 of its levels.
You visited the Abyss 1 time.
You also visited: Bailey and Volcano.

You collected 1861 gold pieces.
You spent 1042 gold pieces at shops.

Inventory:

Hand Weapons
 u - the +8 broad axe "Goblin's Curse" (weapon) {flame, *Rage Will+ Int+2}
   (You acquired it on level 10 of the Dungeon)

   Int:       It affects your intelligence (+2).
   *Rage:     It berserks you when you make melee attacks (+20% chance).
   Will:      It increases your willpower.
Missiles
 z - 3 throwing nets
 A - 3 javelins (quivered)
Armour
 b - a +1 pair of boots of flying (worn)
 f - a +2 hat (worn)
 O - the +1 pair of gloves of Entitlement (worn) {Str+4}
   (You bought it in a shop on level 2 of the Orcish Mines)

   Str:       It affects your strength (+4).
 Q - a +3 buckler of protection (worn)
 R - a +4 scale mail of fire resistance
 T - the +1 plate armour of Perpetual Drought (worn) {Contam rPois Regen+ rCorr}
   (You found it on level 5 of the Lair of Beasts)

   rPois:     It protects you from poison.
   Contam:    It causes magical contamination when unequipped.
   Regen:     It increases your rate of health regeneration.
   rCorr:     It protects you from acid and corrosion.
 V - a +4 ring mail of cold resistance
Jewellery
 e - a +5 ring of evasion (right hand)
 l - a ring of fire
 o - a ring of see invisible (left hand)
 C - a ring of fire
 E - a ring of ice
 N - an amulet of regeneration (around neck)
Wands
 w - a wand of mindburst (21)
 y - a wand of iceblast (13)
 L - a wand of flame (21)
 M - a wand of paralysis (7)
 S - a wand of digging (2)
Scrolls
 d - 12 scrolls of teleportation
 i - 3 scrolls of noise
 j - 4 scrolls of fear
 t - 2 scrolls of poison
 x - 3 scrolls of revelation
 I - 2 scrolls of enchant weapon
 J - a scroll of brand weapon
Potions
 c - 6 potions of heal wounds
 g - 2 potions of cancellation
 h - a potion of berserk rage {unknown}
 m - 5 potions of might
 n - 2 potions of attraction {unknown}
 q - 3 potions of degeneration {unknown}
 s - 8 potions of curing {unknown}
 v - 2 potions of resistance {unknown}
 B - a potion of invisibility {unknown}
 D - a potion of experience {unknown}
 F - 2 potions of brilliance {unknown}
 K - 3 potions of ambrosia {unknown}
Miscellaneous
 H - a phantom mirror
 W - a tin of tremorstones (2/2)


   Skills:
 + Level 20.5 Fighting
 + Level 19.6 Axes
 + Level 1.5 Throwing
 + Level 12.4 Armour
 + Level 6.7 Dodging
 + Level 9.0 Shields
 + Level 0.4 Evocations


You had 14 spell levels left.
You didn't know any spells.
Your spell library was empty.

Dungeon Overview and Level Annotations

Branches:
Dungeon (10/15)            Temple (0/1) D:7            Lair (5/5) D:10
 Shoals (0/4) Lair:3        Snake (0/4) Lair:3        Slime (0/5) Lair:4
    Orc (2/2) D:9             Elf (0/3) Orc:2        Bailey (visited)
Volcano (visited)

Altars:
Ashenzari
Dithmenos
Gozag
Kikubaaqudgha
Makhleb
Nemelex Xobeh
Okawaru
Qazlal
Sif Muna
Xom
Yredelemnul
The Shining One
Jiyva

Shops:
D:2 =   Orc:1 =   Orc:2 [([:

Annotations:
D:10 Erolcha


Innate Abilities, Weirdness & Mutations

You have a pair of horns on your head.
You reflexively headbutt those who attack you in melee.
Your magical capacity is very low. (-20% MP)
[Your body sometimes deteriorates upon taking damage.]


Message History

A red film seems to cover your vision as you go berserk!
You feel yourself moving faster!
You feel mighty!
You slice the sixfirhy!! You burn the sixfirhy!
You feel the power of Trog in you as your rage grows.
You kill the sixfirhy!
Trog accepts your kill.
You feel the corruption within you wane somewhat.
You feel a little healthier.
You feel a strong urge to attack something.
You feel your anger nearly subside.
Your blood rage is quickly leaving you.
You are no longer berserk.
You are exhausted.
You feel yourself slow down.
You start resting.
A reaper comes into view. It is wielding a +6 scythe of freezing.
The reaper hits you with a +6 scythe of freezing!!
The reaper freezes you. The reaper barely misses you.
You hit the reaper but do no damage.
The reaper hits you with a +6 scythe of freezing.
The reaper freezes you.
You closely miss the reaper. You headbutt the reaper.
The reaper is lightly wounded.
The reaper shouts, "Die, dohliylev!"
The reaper hits you with a +6 scythe of freezing!!
The reaper freezes you.
You slice the reaper!! You burn the reaper.
The reaper is heavily wounded.
The reaper hits you with a +6 scythe of freezing!!
* * * LOW HITPOINT WARNING * * *
The reaper freezes you.
* * * LOW HITPOINT WARNING * * *
You slash the reaper! You burn the reaper.
The reaper is severely wounded.
The reaper hits you but does no damage.
You're still recovering from your berserk rage.
As you read the scroll of teleportation, it crumbles to dust.
You feel strangely unstable.
You feel the power of the Abyss delaying your translocation!
The reaper hits you with a +6 scythe of freezing!!!
You die...

#.. #.# ..#
# # ###..
.#####...#
# .##...#.#
. #....## #
#...# #..
#..@#
#......#2#
#......##..
###...##
.#.# #.#. #
# ..
..##...# .#
..# #.##. #
#... ... #
## #.# .


You could see a reaper.

Vanquished Creatures
  A tentacled monstrosity (Abyss:1)
  4 tentacled starspawn (Abyss:1)
  2 orc warlords
  A very ugly thing (Abyss:1)
  The ghost of oufanbear the Fighter, a journeyman MiBe of Trog (Lair:5)
  The ghost of rigao the Thaumaturge, a journeyman DEIE of Sif Muna (Orc:1)
  A green death (Abyss:1)
  5 hydras
  A merfolk avatar (Lair:5)
  A dancing weapon (Lair:5)
  5 thrashing horrors (Abyss:1)
  A hell hog (Abyss:1)
  3 orc high priests (Orc:2)
  Nergalle (Orc:1)
  2 wretched stars (Abyss:1)
  3 skysharks
  A sea snake (Lair:5)
  A sixfirhy (Abyss:1)
  2 orc knights
  2 lindwurms (Volcano)
  Pikel (D:9)
  A harpy (Lair:5)
  A manticore (D:8)
  3 orc sorcerers (Orc:2)
  2 ugly things
  A toenail golem (Volcano)
  8 large abominations (Abyss:1)
  An apocalypse crab (Abyss:1)
  11 elephants (Lair:5)
  7 black mambas
  4 molten gargoyles (Volcano)
  A smoke demon (Abyss:1)
  An orange demon (Abyss:1)
  22 cane toads
  A torpor snail (Lair:5)
  10 komodo dragons
  3 efreet (Volcano)
  6 rime drakes
  A freezing wraith (Abyss:1)
  A kobold demonologist (Abyss:1)
  A hellwing (Abyss:1)
  2 trolls
  2 wind drakes (Lair:5)
  3 ancient zymes (Abyss:1)
  8 polar bears
  Grinder (D:6)
  2 hornets
  Prince Ribbit (D:8)
  2 snapping turtles (Lair:5)
  29 blink frogs
  A vampire (D:10)
  A shadow (D:7)
  44 yaks
  3 wraiths
  3 fire elementals
  2 wyverns
  2 chaos spawn (Abyss:1)
  A neqoxec (Abyss:1)
  2 steam dragons
  2 wargs
  3 basilisks
  2 nagas (Lair:3)
  2 hell hounds (Lair:2)
  11 water moccasins
  36 orc warriors
  2 sky beasts
  7 ice beasts
  A black bear (Lair:4)
  10 wolves
  7 ogres
  6 small abominations (Abyss:1)
  4 lemures (D:9)
  5 centaurs
  A phantom (D:4)
  2 kobold brigands (D:8)
  2 earth elementals
  2 gnoll sergeants (D:5)
  3 scorpions
  10 bullfrogs
  4 wights (D:7)
  9 killer bees (D:8)
  2 electric eels
  3 howler monkeys (D:9)
  A lava snake (Lair:1)
  15 orc priests
  13 jellies
  A gnoll bouda (D:4)
  5 starcursed masses (Abyss:1)
  2 hounds
  4 iron imps (Abyss:1)
  2 sleepcaps
  4 iguanas
  18 orc wizards
  21 gnolls
  4 adders
  2 white imps
  3 dart slugs
  98 orcs
  7 ball pythons
  10 bats
  5 endoplasms
  4 giant cockroaches
  9 goblins
  15 hobgoblins
  6 quokkas
  5 frilled lizards
  11 kobolds
  3 rats
  4 fire vortices (Volcano)
  8 starspawn tentacles (Abyss:1)
651 creatures vanquished.

Vanquished Creatures (collateral kills)
  An orc knight (Orc:2)
  An orc sorcerer (Orc:2)
  A troll (Orc:2)
  2 orc warriors
  An orc (Orc:2)
  A hobgoblin (Bailey)
7 creatures vanquished.

Vanquished Creatures (others)
  2 orcs (Orc:2)
  2 fire vortices
  3 starspawn tentacles (Abyss:1)
7 creatures vanquished.

Grand Total: 665 creatures vanquished

Notes
Turn   | Place    | Note
-------+----------+-------------------------------------------
     0 | D:1      | dohliylev the Minotaur Berserker began the quest for the
                  | Orb.
     0 | D:1      | Reached XP level 1. HP: 19/19 MP: 0/0
   178 | D:1      | Reached XP level 2. HP: 26/27 MP: 1/1
   253 | D:1      | Reached skill level 4 in Fighting
   492 | D:1      | Reached XP level 3. HP: 28/34 MP: 2/2
   800 | D:2      | Reached ** piety under Trog
   858 | D:2      | Found Wahayd's Jewellery Boutique.
   940 | D:2      | Noticed an ogre
   947 | D:2      | Killed an ogre
   948 | D:2      | Reached skill level 5 in Fighting
   948 | D:2      | Reached skill level 5 in Axes
   948 | D:2      | Reached XP level 4. HP: 42/42 MP: 3/3
  1329 | D:3      | Reached XP level 5. HP: 46/48 MP: 4/4
  1395 | D:3      | Found an ancient bone altar of Kikubaaqudgha.
  1802 | D:4      | Reached skill level 6 in Fighting
  1802 | D:4      | Reached XP level 6. HP: 49/57 MP: 5/5
  1960 | D:4      | Found a shimmering blue altar of Sif Muna.
  2031 | D:4      | Reached XP level 7. HP: 64/64 MP: 6/6
  2193 | D:5      | Entered Level 5 of the Dungeon
  2247 | D:6      | Reached skill level 7 in Fighting
  2342 | D:5      | Reached *** piety under Trog
  2365 | D:5      | Reached XP level 8. HP: 47/74 MP: 7/7
  2713 | D:5      | Found a glowing golden altar of the Shining One.
  2887 | D:5      | Reached skill level 8 in Fighting
  3044 | D:5      | Found a stormy altar of Qazlal.
  3045 | D:5      | Found a broken altar of Ashenzari.
  3123 | D:6      | Noticed Grinder
  3136 | D:6      | Paralysed by Grinder for 3 turns
  3149 | D:6      | Paralysed by Grinder for 4 turns
  3153 | D:6      | Killed Grinder
  3154 | D:6      | Reached skill level 5 in Armour
  3259 | D:6      | Found an iron altar of Okawaru.
  3384 | D:6      | Found a shadowy altar of Dithmenos.
  3497 | D:6      | Reached skill level 9 in Fighting
  3610 | D:6      | Found a sparkling altar of Nemelex Xobeh.
  3691 | D:7      | Noticed a hornet
  3696 | D:7      | Killed a hornet
  3697 | D:7      | Reached skill level 1 in Shields
  3697 | D:7      | Reached XP level 9. HP: 83/83 MP: 8/8
  3800 | D:7      | Reached skill level 10 in Axes
  4080 | D:7      | Found a staircase to the Ecumenical Temple.
  4295 | D:8      | Noticed Prince Ribbit
  4303 | D:8      | Reached skill level 10 in Fighting
  4342 | D:8      | Reached skill level 5 in Dodging
  4357 | D:8      | Reached **** piety under Trog
  4394 | D:8      | Found a flagged portal.
  4423 | Bailey   | Entered a bailey
  4741 | Bailey   | Reached XP level 10. HP: 61/94 MP: 9/9
  4961 | Bailey   | Noticed an orc warlord
  4971 | Bailey   | Reached skill level 11 in Fighting
  4982 | Bailey   | Killed an orc warlord
  5315 | D:8      | Noticed a manticore
  5324 | D:8      | Killed a manticore
  5338 | D:8      | Noticed a cyan ugly thing
  5415 | D:8      | Killed Prince Ribbit
  5478 | D:8      | Reached skill level 12 in Fighting
  5663 | D:8      | Killed a cyan ugly thing
  6028 | D:9      | Noticed Pikel
  6047 | D:9      | Killed Pikel
  6048 | D:9      | Reached XP level 11. HP: 87/105 MP: 10/10
  6257 | D:9      | Found a staircase to the Orcish Mines.
  6701 | D:9      | Reached ***** piety under Trog
  6709 | D:9      | Reached skill level 13 in Fighting
  6853 | Orc:1    | Entered Level 1 of the Orcish Mines
  7015 | Orc:1    | Found Uboshies's Jewellery Shoppe.
  7023 | Orc:1    | Bought an amulet of regeneration for 480 gold pieces
  7045 | Orc:1    | Found a runed translucent gate.
  7046 | Orc:1    | Found a runed translucent gate.
  7047 | Orc:1    | Found a runed translucent gate.
  7047 | Orc:1    | Noticed rigao's ghost (journeyman DEIE)
  7100 | Orc:1    | Noticed an orc knight
  7113 | Orc:1    | Killed an orc knight
  7275 | Orc:1    | Noticed Nergalle
  7290 | Orc:1    | Killed Nergalle
  7428 | Orc:2    | Entered Level 2 of the Orcish Mines
  7428 | Orc:2    | Found a staircase to the Elven Halls.
  7531 | Orc:2    | Found a burning altar of Makhleb.
  7700 | Orc:2    | Noticed an orc sorcerer
  7704 | Orc:2    | Noticed a sixfirhy
  7707 | Orc:2    | Killed an orc sorcerer
  7906 | Orc:2    | Found Saisory's Book Boutique.
  7943 | Orc:2    | Noticed an orc knight
  7962 | Orc:2    | Killed an orc knight
  7963 | Orc:2    | Reached skill level 15 in Axes
  7968 | Orc:2    | Found Aturphita's Antique Armour Shoppe.
  7980 | Orc:2    | Bought a pair of slimy gloves for 218 gold pieces
  7980 | Orc:2    | Identified the +1 pair of gloves of Entitlement {Str+4}
                  | (You bought it in a shop on level 2 of the Orcish Mines)
  7980 | Orc:2    | Bought a pair of embroidered boots for 172 gold pieces
  7980 | Orc:2    | Bought a glowing buckler for 172 gold pieces
  8045 | Orc:2    | Noticed an orc high priest
  8050 | Orc:2    | Noticed a soul eater
  8056 | Orc:2    | Killed an orc high priest
  8057 | Orc:2    | Reached skill level 14 in Fighting
  8057 | Orc:2    | Reached skill level 1 in Throwing
  8129 | Orc:2    | Noticed an orc knight
  8130 | Orc:2    | Noticed an orc sorcerer
  8131 | Orc:2    | Noticed an orc sorcerer
  8137 | Orc:2    | Killed an orc knight
  8141 | Orc:2    | Reached XP level 12. HP: 117/117 MP: 11/11
  8148 | Orc:2    | Noticed an orc warlord
  8160 | Orc:2    | Found Qaanwi Nuco's Antique Weapon Shop.
  8161 | Orc:2    | Noticed an orc high priest
  8245 | Orc:2    | Killed an orc warlord
  8279 | Orc:2    | Noticed an orc high priest
  8293 | Orc:2    | Killed an orc high priest
  8294 | Orc:2    | Reached skill level 5 in Shields
  8297 | Orc:2    | Killed an orc high priest
  8316 | Orc:2    | Reached skill level 15 in Fighting
  8351 | Orc:2    | Found Bipob's Antique Armour Boutique.
  8563 | Orc:1    | Killed rigao's ghost
  8569 | Orc:1    | Identified the staff of fire "Viceir" {rPois rF+ rCorr}
  8622 | D:10     | Entered Level 10 of the Dungeon
  8809 | D:10     | Acquired the +8 broad axe "Goblin's Curse" {flame, *Rage
                  | Will+ Int+2}
  8881 | D:10     | Noticed an ogre mage
  9120 | D:10     | Found a staircase to the Lair.
  9161 | Lair:1   | Entered Level 1 of the Lair of Beasts
  9223 | Lair:1   | Reached skill level 10 in Armour
  9225 | Lair:1   | Reached skill level 16 in Fighting
  9505 | Lair:1   | Found a basalt altar of Yredelemnul.
  9538 | Lair:1   | Received a gift from Trog
  9878 | Lair:2   | Reached XP level 13. HP: 110/129 MP: 12/12
  9963 | Lair:2   | Found a dark tunnel.
  9973 | Volcano  | Entered a volcano
 10877 | Lair:3   | Reached skill level 17 in Fighting
 11080 | Lair:3   | Received a gift from Trog
 11254 | Lair:3   | Found a staircase to the Snake Pit.
 11313 | Lair:3   | Found a staircase to the Shoals.
 12053 | Lair:4   | Reached skill level 18 in Fighting
 12141 | Lair:4   | Found a staircase to the Slime Pits.
 12141 | Lair:4   | Found a viscous altar of Jiyva.
 12150 | Lair:4   | Reached XP level 14. HP: 143/143 MP: 13/13
 12248 | Lair:4   | Found an opulent altar of Gozag.
 12564 | Lair:5   | Entered Level 5 of the Lair of Beasts
 12695 | Lair:5   | Identified the +1 plate armour of Perpetual Drought {Contam
                  | rPois Regen+ rCorr}
 12773 | Lair:5   | Received a gift from Trog
 12792 | Lair:5   | Reached skill level 19 in Fighting
 12842 | Lair:5   | Found a runed translucent door.
 12847 | Lair:5   | Found a shimmering altar of Xom.
 12847 | Lair:5   | Noticed oufanbear's ghost (journeyman MiBe)
 12866 | Lair:5   | Killed oufanbear's ghost
 13667 | D:10     | Noticed Erolcha
 13667 | Abyss:1  | Cast into level 1 of the Abyss (Erolcha)
 13678 | Abyss:1  | Noticed a tentacled monstrosity
 13687 | Abyss:1  | Killed a tentacled monstrosity
 13823 | Abyss:1  | Gained mutation: Your magical capacity is low. (-10% MP) [a
                  | neqoxec]
 13827 | Abyss:1  | Gained mutation: Your magical capacity is very low. (-20%
                  | MP) [a neqoxec]
 13831 | Abyss:1  | Reached skill level 20 in Fighting
 13854 | Abyss:1  | Noticed a tentacled starspawn
 13861 | Abyss:1  | Killed a tentacled starspawn
 13959 | Abyss:1  | Received a gift from Trog
 13966 | Abyss:1  | Noticed a tentacled starspawn
 13970 | Abyss:1  | Killed a tentacled starspawn
 13971 | Abyss:1  | Reached XP level 15. HP: 151/155 MP: 11/11
 14041 | Abyss:1  | Noticed a tentacled starspawn
 14055 | Abyss:1  | Killed a tentacled starspawn
 14108 | Abyss:1  | Noticed a tentacled starspawn
 14110 | Abyss:1  | Found a corrupted altar of Lugonu.
 14112 | Abyss:1  | Reached ****** piety under Trog
 14118 | Abyss:1  | Killed a tentacled starspawn
 14253 | Abyss:1  | Annihilated by a reaper

Illustrated notes

Levels and vault maps discovered:
D:1:      eino_arrival_water_cross, layout_basic, hangedman_decor_peaks_small,
          minmay_misc_feat_pillars
D:2:      layout_basic, serial_shops, shop
D:3:      layout_rooms, mainiacjoe_overflow_alcove_1
D:4:      layout_cave_pools, mainiacjoe_overflow_24_doors
D:5:      layout_rooms, nicolae_tso_carved_into_rock, minitemple
D:6:      layout_basic, kennysheep_little_box, okawaru_trees_1,
          nicolae_dithmenos_through_a_glass_darkly, serial_glass,
          glass_columns_b, glass_columns_a, item_on_display_a,
          due_unseen_surprise, uniq_grinder
D:7:      layout_cave_pools, temple_pool_b
D:8:      layout_loops_ring, enter_bailey_6, kennysheep_opposing_triangles,
          uniq_prince_ribbit1
D:9:      layout_roguey, david_orc_2, minivault_1,
          chequers_serial_rivers_micro_e, uniq_pikel
D:10:     layout_layer_cave, hellmonk_lair_entry_icy, minivault_12, uniq_erolcha
Lair:1:   layout_gridlike, basic_altar, lemuel_fruit_fields
Lair:2:   layout_loops_ring, enter_volcano_3
Lair:3:   layout_cave_pods, shoals_dummy_entry, guppyfry_snake_entry_garden,
          amcnicky_mini_pool_medium, grunt_megastairs_5
Lair:4:   layout_roguey, minmay_slime_entry_jelly_boxes, basic_altar,
          beast_lair_carwin_10
Lair:5:   gammafunk_lair_ancient_temple, layout_gridlike, ebering_ghost_xom
Orc:1:    layout_caves, serial_shops, shop, ebering_ghost_rock_garden,
          uniq_nergalle
Orc:2:    grunt_orc_community_town_hall, layout_caves,
          grunt_orc_community_big_house_1, grunt_orc_community_big_house_2,
          grunt_orc_community_house_3, grunt_orc_community_house_1,
          grunt_orc_community_house_2, grunt_orc_community_house_1,
          nicolae_orc_flooded_monolith, nicolae_orc_pool_cavern, bloody_makhleb
Abyss:1:  base: Temple, hangedman_abyss_river_spirits

Skill      XL: |  1  2  3  4  5  6  7  8  9 10 11 12 13 14 15 |
---------------+----------------------------------------------+-----
Axes           | 4 5 6 8 9 11 13 15 16 18 19 | 19.6
Fighting       | 4 5 6 7 9 10 12 14 16 18 20 | 20.5
Dodging        | 3 4 5 6 |  6.7
Armour         | 3 4 5 7 8 9 10 11 12 | 12.4
Shields        | 1 3 4 5 7 8 9 |  9.0
Throwing       | 1 |  1.5
Evocations     | |  0.4

Action                     |  1- 3 |  4- 6 |  7- 9 | 10-12 | 13-15 || total
---------------------------+-------+-------+-------+-------+-------++-------
  Melee: Hand axe          |    65 |    72 |   296 |    36 |       ||   469
         Headbutt          |     9 |    19 |    66 |    97 |   122 ||   313
         Punch             |       |       |     1 |       |       ||     1
         Broad axe         |       |       |       |   427 |   536 ||   963
  Throw: Javelin           |       |       |     4 |     9 |       ||    13
 Invoke: Berserk           |     1 |     2 |     6 |    11 |       ||    20
         Trog's Hand       |       |     1 |     3 |    11 |     2 ||    17
         Brothers in Arms  |       |       |       |     2 |       ||     2
  Evoke: Wand              |       |       |     3 |       |       ||     3
    Use: Scroll            |       |       |    10 |     9 |     8 ||    27
   Stab: Sleeping          |     2 |       |       |       |       ||     2
 Armour: Animal skin       |    15 |       |       |       |       ||    15
         Ring mail         |       |    32 |    25 |       |       ||    57
         Scale mail        |       |       |   103 |     7 |    83 ||   193
         Plate armour      |       |       |       |   184 |   134 ||   318
  Dodge: Dodged            |    48 |    45 |   131 |   137 |   217 ||   578
  Block: Buckler           |       |       |    47 |   121 |   177 ||   345

Table legend: (Time is in decaauts)
 A = Elapsed time spent in this place.
 B = Non-inter-level travel time spent in this place.
 C = Inter-level travel time spent in this place.
 D = Time resting spent in this place.
 E = Time spent auto-exploring this place.
 F = Levels seen in this place.
 G = Mean time per level.
                   A        B        C        D        E       F      G
               +--------+--------+--------+--------+--------+-----+--------+
         Total |  14562 |  14126 |    436 |   1757 |   8504 |  20 |  728.1 |
       Dungeon |   6847 |   6661 |    186 |    775 |   4380 |  10 |  684.7 |
          Lair |   4312 |   4137 |    175 |    243 |   2816 |   5 |  862.4 |
  Orcish Mines |   1814 |   1739 |     75 |    353 |    946 |   2 |  907.0 |
         Abyss |    630 |    630 |      0 |     74 |     80 |   1 |  630.0 |
        Bailey |    714 |    714 |      0 |    310 |    210 |   1 |  714.0 |
       Volcano |    242 |    242 |      0 |      0 |     72 |   1 |  242.0 |
               +--------+--------+--------+--------+--------+-----+--------+

Top non-repeatable levels by time:
   Orc:2: 1112 daAuts
     D:8: 1052 daAuts
  Lair:3: 973 daAuts
  Lair:5: 962 daAuts
     D:9: 836 daAuts
     D:5: 827 daAuts
  Lair:2: 821 daAuts
  Lair:4: 816 daAuts
  Lair:1: 739 daAuts
  Bailey: 714 daAuts
   Orc:1: 702 daAuts
     D:1: 677 daAuts
    D:10: 636 daAuts
     D:6: 635 daAuts
     D:7: 632 daAuts
